Cogmind - Beta 15 --- EXPLORER MODE // 2025.08.14 @ 08:13:56 Player: pattypat Result: Self-destructed Performance ------------- Evolutions (3) 1500 Regions Visited (6) 1200 Robots Destroyed (42) 210 Value Destroyed (1561) 1561 Prototype IDs (2) 40 Alien Tech Used (0) 0 Bonus (20) 20 TOTAL SCORE: 4531 Bonus ------- Follower Combat Kills 20 Cogmind --------- Core Integrity 381/700 Matter 285/300 Energy 788/800 System Corruption 0% Temperature Warm (147) Movement Core (450) Ox8 Location -7/Lower Caves Parts ------- > --- POWER (2) -------- Hybrid Deuterium Engine > --- PROPULSION (5) --- (None) > --- UTILITY (5) ------ Coolant Injector Medium Storage Unit Core Analyzer Hacking Suite > --- WEAPON (2) ------- Shock Rifle Heavy Particle Cannon > --- INVENTORY (10) --- Hybrid Deuterium Engine Micro Nuclear Core Aluminum Leg Improved Heat Sink Coolant Injector Advanced Terrain Scan Processor Peak State ------------ > --- POWER ------------ Light Nuclear Core Micro Nuclear Core > --- PROPULSION ------- Airjet Airjet Airjet Airjet Gravmag System > --- UTILITY ---------- Improved Cooling System Coolant Injector Medium Storage Unit ECM Suite Hacking Suite > --- WEAPON ----------- Shock Rifle Heavy Particle Cannon > --- INVENTORY -------- Deuterium Engine Light Nuclear Core Airjet Improved Heat Sink Coolant Injector Advanced Terrain Scan Processor Core Analyzer Shock Rifle Arc Projector Heavy Particle Cannon [Rating: 45] Favorites ----------- Power Improved Ion Engine Engine Improved Ion Engine Power Core Micro Nuclear Core Propulsion Aluminum Leg Leg Aluminum Leg Hover Unit Airjet Flight Unit Improved Flight Unit Utility Medium Storage Unit Device Cooling System Storage Medium Storage Unit Processor Targeting Computer Hackware Hacking Suite Protection Light Armor Plating Weapon Pulse Rifle Energy Gun Pulse Rifle Energy Cannon Heavy Particle Cannon Ballistic Gun Assault Rifle Build | -11 -10 -10 -9 -8 -7 -7 ------- Run | Yrd Mat Min Mat Mat Fac Low Slots Evolved 7 | . 1 . 2 2 2 . Power 1 | . . . . 1 . . Propulsion 3 | . . . 2 . 1 . Utility 3 | . 1 . . 1 1 . Weapon . | . . . . . . . Parts Attached 62 | 9 4 . 9 14 18 8 Power 12 | 1 . . 1 4 5 1 Engine 7 | 1 . . 1 4 1 . Core 5 | . . . . . 4 1 Reactor . | . . . . . . . Propulsion 23 | 2 1 . 6 5 6 3 Treads . | . . . . . . . Leg 9 | 2 1 . 2 1 . 3 Wheel . | . . . . . . . Hover 10 | . . . . 4 6 . Flight 4 | . . . 4 . . . Utility 12 | 3 1 . . 3 4 1 Device 7 | . 1 . . 2 4 . Storage 1 | 1 . . . . . . Processor 2 | 1 . . . . . 1 Hackware 1 | . . . . 1 . . Protection 1 | 1 . . . . . . Artifact . | . . . . . . . Weapon 15 | 3 2 . 2 2 3 3 Energy Gun 11 | 1 2 . 2 2 2 2 Energy Cannon 2 | . . . . . 1 1 Ballistic Gun 2 | 2 . . . . . . Ballistic Cannon . | . . . . . . . Launcher . | . . . . . . . Special Weapon . | . . . . . . . Impact Weapon . | . . . . . . . Slashing Weapon . | . . . . . . . Piercing Weapon . | . . . . . . . Special Melee Weapon . | . . . . . . . Unidentified Prototypes 1 | . 1 . . . . . Parts Lost 21 | . . . . 2 6 13 Power 3 | . . . . 1 . 2 Propulsion 11 | . . . . . 5 6 Utility 3 | . . . . 1 . 2 Weapon 4 | . . . . . 1 3 Highest Loss Streak 11 | . . . . 1 3 11 To Critical Strikes . | . . . . . . . Average Backups 8 | . 5 8 9 8 9 9 Power 1 | . . . . 1 2 2 Propulsion 1 | . 1 3 3 2 . . Utility 3 | . 1 4 3 2 3 3 Weapon 2 | . 2 1 1 2 2 1 Tool/Special . | . . . . . . . Unused Backups 12 | . . . 3 3 3 3 Power 1 | . . . . . . 1 Propulsion 2 | . . . 1 . 1 . Utility 6 | . . . 1 1 2 2 Weapon 3 | . . . 1 2 . . Tool/Special . | . . . . . . . Average Slot Usage (%) 95 | . 98 100 96 97 94 85 Engine 8 | . 12 12 10 14 1 7 Core 4 | . . . . . 12 7 Leg 16 | . 25 25 36 11 . 10 Hover 14 | . . . . 21 29 12 Device 13 | . 11 12 10 8 20 19 Storage 8 | . 12 12 10 8 7 7 Processor 5 | . 12 12 10 7 . . Hackware 4 | . . . . 8 7 7 Energy Gun 15 | . 23 25 20 16 10 6 Energy Cannon 1 | . . . . . 3 6 Peak Build Rating 45 | 7 11 11 17 33 45 42 Average Rating 26 | 5 10 11 14 27 41 39 On Entrance 17 | . 7 11 11 15 33 42 Naked Turns . | . . . . . . . Heaviest Build 38 | 19 19 19 25 35 38 38 Greatest Support 43 | 20 20 20 40 43 41 26 Greatest Overweight (x) 6 | . . . 6 3 2 3 Average Overweight (x) . | . . . . . . 1 Largest Inventory Capacity 10 | 10 10 10 10 10 10 10 Average Capacity 9 | 8 10 10 10 10 10 10 Most Carried 10 | 2 10 8 10 10 10 10 Average Carried 8 | 1 5 8 9 8 9 9 Final Capacity 10 | 10 10 10 10 10 10 10 Final Carried 10 | 2 8 8 8 9 10 6 Class Distribution -------------------- 82% | Hacker-Mutant 17% | Scavenger-Mutant Dominant Class ---------------- Hacker-Mutant | -10/Materials Hacker-Mutant | -10/Mines Scavenger-Mutant | -9/Materials Hacker-Mutant | -8/Materials Hacker-Mutant | -7/Factory Hacker-Mutant | -7/Lower Caves Resources | -11 -10 -10 -9 -8 -7 -7 ----------- Run | Yrd Mat Min Mat Mat Fac Low Matter Collected 949 | 247 215 . 137 130 177 43 Remotely . | . . . . . . . Salvage Created 1699 | . 265 . 364 348 491 231 Parts 97 | . 16 . 19 15 34 13 Haulers Intercepted . | . . . . . . . Recyclers Shooed . | . . . . . . . Parts Field Recycled . | . . . . . . . Retrieved Matter . | . . . . . . . Parts Self-Destructed . | . . . . . . . Prevented . | . . . . . . . Kills | -11 -10 -10 -9 -8 -7 -7 ------- Run | Yrd Mat Min Mat Mat Fac Low Combat Hostiles Destroyed 42 | . 7 . 10 10 10 5 Guns 28 | . 6 . 9 7 4 2 Cannons 7 | . . . . . 5 2 AOE 2 | . 1 . . . . 1 Classes Destroyed 5 | . 2 . 1 1 1 . Swarmer 14 | . 2 . 4 3 3 2 Grunt 12 | . 5 . 2 . 2 3 Sentry 13 | . . . 4 5 4 . Hunter 2 | . . . . 2 . . Programmer 1 | . . . . . 1 . Best Kill Streak 5 | . 2 . 5 4 3 3 Combat Bots Only 5 | . 2 . 5 4 3 3 Max Kills in Single Turn 2 | . 1 . 1 2 1 1 Gunslinging 1 | . . . . 1 . . Exploded 1 | . 1 . . . . 1 Melee . | . . . . . . . Uniques/NPCs Destroyed . | . . . . . . . Combat | -11 -10 -10 -9 -8 -7 -7 -------- Run | Yrd Mat Min Mat Mat Fac Low Hostile Shots Fired 498 | . 30 . 57 71 205 135 Missed 178 | . 7 . 24 22 92 33 Hits 320 | . 23 . 33 49 113 102 Melee 1 | . . . . . 1 . Projectile 319 | . 23 . 33 49 112 102 AOE 1 | . . . . . 1 . Critical Strikes 13 | . . . 3 2 3 5 Part Disruptions 1 | . . . . . 1 . Damage Taken 2562 | . 201 . 280 414 683 984 Core 424 | . 24 . 24 57 98 221 Absorbed by Shields . | . . . . . . . Ignored by Resistances 1610 | . 127 . 180 251 457 595 Core Remaining (%) 93 | 100 . 90 94 89 . . Volleys Fired 123 | . 17 . 29 28 30 19 Largest 2 | . 2 . 2 2 2 2 Hottest 130 | . 105 . 121 126 130 130 Shots Fired 241 | . 34 . 56 56 60 35 Gun 209 | . 34 . 56 56 46 17 Cannon 32 | . . . . . 14 18 Launcher . | . . . . . . . Special . | . . . . . . . Kinetic . | . . . . . . . Thermal 200 | . 29 . 56 56 41 18 Explosive . | . . . . . . . Electromagnetic 41 | . 5 . . . 19 17 Robot Hit Streak 33 | . 17 . 33 16 22 17 Robot Miss Streak 3 | . 1 . 1 1 3 1 Penetration Max . | . . . . . . . Secondary Targets 3 | . 1 . 1 1 . . Max Gunslinging Chain 1 | . 1 . 1 1 . . Shots Hit Robots 207 | . 27 . 46 50 53 31 Core Hits 79 | . 14 . 14 14 26 11 Critical Kills . | . . . . . . . Critical Parts Destroyed . | . . . . . . . Critical Strikes 3 | . . . 2 1 . . Burn 3 | . . . 2 1 . . Melee Attacks . | . . . . . . . Impact . | . . . . . . . Slashing . | . . . . . . . Piercing . | . . . . . . . Sneak Attacks . | . . . . . . . Combat Hostiles . | . . . . . . . Follow-up Attacks . | . . . . . . . Damage Inflicted 3545 | . 502 1 688 804 925 625 Guns 2687 | . 367 . 677 804 644 195 Cannons 656 | . . . . . 281 375 Explosions 190 | . 135 . . . . 55 Melee . | . . . . . . . Ramming 12 | . . 1 11 . . . Kinetic . | . . . . . . . Thermal 3015 | . 398 . 677 804 706 430 Explosive . | . . . . . . . Electromagnetic 518 | . 104 . . . 219 195 Impact . | . . . . . . . Slashing . | . . . . . . . Piercing . | . . . . . . . Highest Corruption 1 | . . . . 1 . . Average Corruption 1 | . . . . 1 . . Corruption Purged . | . . . . . . . Corruption Blocked . | . . . . . . . Overload Shots . | . . . . . . . Overflow Damage 39 | . 39 . . . . . Projectiles . | . . . . . . . Explosions 39 | . 39 . . . . . Melee . | . . . . . . . Knockbacks . | . . . . . . . Impact . | . . . . . . . Kinetic . | . . . . . . . Secondary . | . . . . . . . Self-Inflicted Damage 48 | . 48 . . . . . Shots 2 | . 2 . . . . . Rammed . | . . . . . . . Targets Rammed 3 | . . 1 2 . . . Kicked 3 | . . 1 2 . . . Crushed . | . . . . . . . Highest Temperature 285 | . 16 . 23 280 285 193 Average Temperature 69 | . 3 . 7 86 84 56 Received Heat Transfer 1212 | . 108 . 192 108 336 468 Effects 1 | . . . . 1 . . Interference 1 | . . . . 1 . . Siege Activations . | . . . . . . . Martial Activations . | . . . . . . . Shielding Activations . | . . . . . . . Robots Disrupted . | . . . . . . . Combat Hostiles . | . . . . . . . Robots Corrupted . | . . . . . . . Combat Hostiles . | . . . . . . . Parts Fried . | . . . . . . . Impact Corruptions . | . . . . . . . Robots Melted 5 | . . . 1 3 1 . Combat Hostiles 5 | . . . 1 3 1 . Parts Melted 23 | . 1 . 10 6 6 . Heat Transferred 6410 | . 771 . 1778 1924 1332 605 Parts Sabotaged . | . . . . . . . Parts Stolen . | . . . . . . . Parts Stripped . | . . . . . . . Power Chain Reactions 2 | . 1 . . . . 1 Alert | -11 -10 -10 -9 -8 -7 -7 ------- Run | Yrd Mat Min Mat Mat Fac Low Maximum Alert Level . | . . . . . . . Low Security (%) 100 | 100 100 100 100 100 100 . Level 1 . | . . . . . . . Level 2 . | . . . . . . . Level 3 . | . . . . . . . Level 4 . | . . . . . . . Level 5 . | . . . . . . . High Security . | . . . . . . . Max Security . | . . . . . . . Peak Influence 122 | . 93 10 122 90 60 . Initial 31 | . . 10 . 31 14 . Average 17 | . 34 8 14 21 10 . Influence Increases 1265 | . 204 . 311 340 300 110 Destroy 0b10 Robot/C 860 | . 140 . 200 200 220 100 Destroy Leader 260 | . 30 . 60 80 80 10 Disable Machine 12 | . 8 . 4 . . . Destroy Structure 28 | . 26 . 2 . . . Partial Spotted 30 | . . . . 30 . . Lose Combat Pursuer 75 | . . . 45 30 . . Influence Decreases 1265 | . 165 39 204 402 345 110 Entered New Map 136 | . . 29 . 76 31 . Time Decay 1004 | . 165 10 204 316 254 55 Lost Part 95 | . . . . 10 30 55 Lost Ally 20 | . . . . . 20 . Purge Threat 10 | . . . . . 10 . Squads Dispatched 8 | . . . . 2 6 . Investigation 4 | . . . . . 4 . Extermination 1 | . . . . . 1 . Reinforcement 2 | . . . . 2 . . Assault . | . . . . . . . Garrison 1 | . . . . . 1 . Intercept . | . . . . . . . Searches Triggered . | . . . . . . . Construction Impeded . | . . . . . . . Haulers Reinforced . | . . . . . . . Active Scanning Responses . | . . . . . . . Cargo Convoy Interrupts . | . . . . . . . Stealth | -11 -10 -10 -9 -8 -7 -7 --------- Run | Yrd Mat Min Mat Mat Fac Low Distress Signals 5 | . . . 1 3 1 . Communications Jammed . | . . . . . . . Distress Signals . | . . . . . . . Times Spotted 98 | . 8 . 16 20 40 14 Peak Tracking Total 11 | . 3 . 4 3 10 11 Tactical Retreats 9 | . . . 1 2 6 . Traps | -11 -10 -10 -9 -8 -7 -7 ------- Run | Yrd Mat Min Mat Mat Fac Low Traps Triggered 6 | . . . 1 1 4 . Indirectly . | . . . . . . . Trap Hack Attempts . | . . . . . . . Triggered . | . . . . . . . Disarmed 6 | . . . . . 6 . Reprogrammed . | . . . . . . . Reused . | . . . . . . . Traps Extracted . | . . . . . . . Installed . | . . . . . . . Triggered . | . . . . . . . Machines | -11 -10 -10 -9 -8 -7 -7 ---------- Run | Yrd Mat Min Mat Mat Fac Low Machines Disabled 4 | . 2 . 1 . . 1 Max in Single Turn 2 | . 2 . . . . 1 Garrison Access 1 | . . . . . 1 . Machines Repaired . | . . . . . . . Machines Dismantled . | . . . . . . . Machines Sabotaged . | . . . . . . . Overloaded Fab Kills . | . . . . . . . Hacking | -11 -10 -10 -9 -8 -7 -7 --------- Run | Yrd Mat Min Mat Mat Fac Low Machines Accessed 8 | . . . 1 2 5 . Terminals 6 | . . . . 2 4 . Fabricators . | . . . . . . . Repair Stations . | . . . . . . . Recycling Units . | . . . . . . . Scanalyzers 1 | . . . 1 . . . Garrison Access 1 | . . . . . 1 . Total Hacks 18 | . . . 1 4 13 . Successful 10 | . . . 1 3 6 . Failed 8 | . . . . 1 7 . Catastrophic 1 | . . . . . 1 . Database Lockouts . | . . . . . . . Manual . | . . . . . . . Terminals 16 | . . . . 4 12 . Fabricators . | . . . . . . . Repair Stations . | . . . . . . . Recycling Units . | . . . . . . . Scanalyzers 1 | . . . 1 . . . Garrison Access 1 | . . . . . 1 . Terminal Hacks 8 | . . . . 3 5 . Record 2 | . . . . . 2 . Unreport Threat 1 | . . . . . 1 . Disarm Traps 1 | . . . . . 1 . Recall Investigation 2 | . . . . 1 1 . Zone Layout 2 | . . . . 2 . . Fabricator Hacks . | . . . . . . . Repair Station Hacks . | . . . . . . . Recycling Unit Hacks . | . . . . . . . Scanalyzer 1 | . . . 1 . . . Insert Component 1 | . . . 1 . . . Garrison Access Hacks 1 | . . . . . 1 . Seal Access 1 | . . . . . 1 . Unauthorized Hacks . | . . . . . . . Terminals . | . . . . . . . Fabricators . | . . . . . . . Repair Stations . | . . . . . . . Recycling Units . | . . . . . . . Scanalyzers . | . . . . . . . Garrison Access . | . . . . . . . Data Cores Recovered . | . . . . . . . Used . | . . . . . . . Hacking Detections 6 | . . . 1 1 4 . Full Trace Events 3 | . . . . . 3 . Feedback Events . | . . . . . . . Feedback Blocked . | . . . . . . . Robot Schematics Acquired . | . . . . . . . Robots Built . | . . . . . . . Authchips . | . . . . . . . Time . | . . . . . . . Total Robot Build Rating . | . . . . . . . Part Schematics Acquired . | . . . . . . . Parts Built . | . . . . . . . Authchips . | . . . . . . . Time . | . . . . . . . Total Part Build Rating . | . . . . . . . Parts Repaired . | . . . . . . . Time . | . . . . . . . Parts Recycled . | . . . . . . . Recycled Matter . | . . . . . . . Retrieved Matter . | . . . . . . . Retrieved Components . | . . . . . . . Parts Scanalyzed . | . . . . . . . Part Schematics Acquired . | . . . . . . . Parts Damaged . | . . . . . . . Bothacking | -11 -10 -10 -9 -8 -7 -7 ------------ Run | Yrd Mat Min Mat Mat Fac Low Used RIF Installer . | . . . . . . . Robots Hacked . | . . . . . . . Non-combat . | . . . . . . . Combat . | . . . . . . . Robot Hacks Applied . | . . . . . . . Relay Couplers Released . | . . . . . . . Fabnet Peak Effective % . | . . . . . . . Robots Rewired 1 | . . . . . 1 . Allies Hacked . | . . . . . . . Hacks Repelled . | . . . . . . . Allies | -11 -10 -10 -9 -8 -7 -7 -------- Run | Yrd Mat Min Mat Mat Fac Low Total Allies 2 | . . 1 . . 1 . Largest Group 1 | . . 1 1 . 1 . Highest-Rated Group 32 | . . 31 31 . 32 . Highest-Rated Ally 32 | . . 31 31 . 32 . Total Orders . | . . . . . . . Ally Attacks 16 | . . . 14 . 2 . Total Damage 188 | . . . 161 . 27 . Kills 1 | . . . . . 1 . Allies Corrupted . | . . . . . . . Allies Melted . | . . . . . . . Intel | -11 -10 -10 -9 -8 -7 -7 ------- Run | Yrd Mat Min Mat Mat Fac Low Active Infowar (turns) 1115 | . . . . 44 817 254 Sensors 135 | . . . . . 135 . ECM 1115 | . . . . 44 817 254 Robot Analysis Total . | . . . . . . . Derelict Logs Recovered 1 | . . . . . . 1 Drone Launches . | . . . . . . . Drone Recoveries . | . . . . . . . Exploration | -11 -10 -10 -9 -8 -7 -7 ------------- Run | Yrd Mat Min Mat Mat Fac Low Turns Passed 2925 | 85 366 23 699 638 817 297 Spaces Moved 2627 | 63 243 19 469 539 1171 123 Core 7 | 6 . . 1 . . . Treads . | . . . . . . . Legs 1034 | 57 243 19 468 144 . 103 Wheels . | . . . . . . . Hover 1586 | . . . . 395 1171 20 Flight . | . . . . . . . Fastest Speed 44 | 50 120 120 120 48 44 112 Average Speed 89 | 113 120 120 120 93 57 187 Slowest Speed 350 | 120 120 120 350 240 176 330 Overloaded Moves . | . . . . . . . Propulsion Burnouts . | . . . . . . . Robots Hopped . | . . . . . . . Potential Cave-ins . | . . . . . . . Cave-ins Triggered . | . . . . . . . Exploration Rate (%) 26 | 4 49 7 37 42 25 18 Regions Visited 6 Branch Regions 2 Pre-discovered Areas . | . . . . . . . Known Exits Taken 6 | 1 1 1 1 1 1 . Unknown Exits Taken . | . . . . . . . Scrap Searched . | . . . . . . . Spaces Dug . | . . . . . . . Terrain Destroyed 25 | . 21 . . . . 4 Melee . | . . . . . . . Projectile . | . . . . . . . AOE 25 | . 21 . . . . 4 Terrain Rammed . | . . . . . . . Walls Destroyed . | . . . . . . . Machines Disabled . | . . . . . . . Actions | -11 -10 -10 -9 -8 -7 -7 --------- Run | Yrd Mat Min Mat Mat Fac Low Total 2960 | 72 285 19 550 622 1260 152 Wait 42 | . 10 . 12 18 2 . Move 2621 | 62 242 18 468 538 1170 123 Hop . | . . . . . . . Pick Up 37 | . 7 . 8 7 13 2 Fast Attach 33 | 8 2 . 7 8 6 2 Attach 22 | . 1 . 4 3 8 6 Detach 14 | 1 2 . 4 4 3 . Swap 16 | 1 1 . 2 3 9 . Drop 47 | . 3 . 14 13 17 . Fire 123 | . 17 . 29 28 30 19 Melee . | . . . . . . . Ram . | . . . . . . . Kick 3 | . . 1 2 . . . Crush . | . . . . . . . Escape Stasis . | . . . . . . . Rewire 2 | . . . . . 2 . Trap . | . . . . . . . Miscellaneous . | . . . . . . . Route ------- -11/Scrapyard -10/Materials -10/Mines -9/Materials -8/Materials -7/Factory (discovered 2 exits: *Low x2) -7/Lower Caves History --------- Turn | Location | Event 11 | -11/Scrapyard | Identified exit to Materials 11 | -11/Scrapyard | Discovered exit to Materials (range 16) 86 | -11/Scrapyard | Entered Materials 86 | -10/Materials | Evolved 1 slot: Utility x1 298 | -10/Materials | Identified exit to Mines 298 | -10/Materials | Discovered exit to Mines (range 8) 307 | -10/Materials | Build established: Hacker-Mutant 452 | -10/Materials | Entered Mines 455 | -10/Mines | Received a Mining Laser from a helpful Derelict 468 | -10/Mines | Identified exit to Materials 468 | -10/Mines | Discovered exit to Materials (range 3) 475 | -10/Mines | Entered Materials 475 | -9/Materials | Accompanied by 1 ally 475 | -9/Materials | Evolved 2 slots: Propulsion x2 986 | -9/Materials | Build established: Scavenger-Mutant 1156 | -9/Materials | Identified exit to Materials 1156 | -9/Materials | Discovered exit to Materials (range 15) 1174 | -9/Materials | Entered another Materials area 1174 | -8/Materials | Evolved 2 slots: Power x1, Utility x1 1595 | -8/Materials | Build established: Hacker-Mutant 1796 | -8/Materials | Identified exit to Factory 1796 | -8/Materials | Discovered exit to Factory (range 15) 1812 | -8/Materials | Entered Factory 1812 | -7/Factory | Evolved 2 slots: Propulsion x1, Utility x1 1930 | -7/Factory | Garrison activated, responded to threat 2351 | -7/Factory | Lost 3 parts (3n) 2444 | -7/Factory | Identified exit to Lower Caves 2444 | -7/Factory | Discovered exit to Lower Caves (range 16) 2478 | -7/Factory | Discovered exit to Lower Caves (range 7) 2629 | -7/Factory | Entered Lower Caves 2815 | -7/Lower Caves | Learned Factory terminal intel 2926 | -7/Lower Caves | Self-destructed Last Messages --------------- G-47 Trooper springs to life. ECM Suite destroyed. Gravmag System destroyed. S-27 Virus destroyed. Mic. Nuclear Core destroyed. Gravmag System destroyed. Aluminum Leg destroyed. S-27 Virus destroyed. Hvy. Particle Cannon destroyed. Aluminum Leg destroyed. G-47 Trooper destroyed. Machine disabled. Arc Projector destroyed. Critical hit (Burn: +37). Imp. Cooling System destroyed. Acquired Corrupted Aluminum Leg. Carbon-fiber Leg destroyed. Critical hit (Burn: +37). Lgt. Nuclear Core destroyed. Destroyed Imp. Heat Sink. Map ----- +----------------------------------------------------+ | ?????????????????????????????????????????????????? | | ?????????????????????????????????????????????????? | | ?????????????????????????????????????????????????? | | ?????????????????????????????????????????????????? | | ?????????????????????????????????????????????????? | | ?????????????????????????????????????????????????? | | ?????????????????????????????????????????????????? | | ?????????????????????????????????????????????????? | | ?????????????????????????????????????????????????? | | ?????????????????????????????????????????????????? | | ?????????????????????????????????????????????????? | | ?????????????????????????????????????????????????? | | ?????????????????????????????????????????????????? | | ?????????????????????????????????????????????????? | | ?????????????????????????????????????????????????? | | ?????????????????????????????????????????????????? | | ?????????????????????????????????????????????????? | | ?????????????????????????????????????????????????? | | ?????????????????????????????????????????????????? | | ?????????????????????#######?????????????????????? | | ?????????????????????? #?????????????????????? | | ??????????????????????? #?????????????????????? | | ????????????????++####### #????????????????#####? | | ????????????????? "# ##???????????????# ## | | ?????????????????? ""# ##??????????????# | | ???????????????????# "#@ ##????????????## | | ???????????????????# ""#*% ############## | | ???????????????????# "#gsgg ## | | ???????????????????# [%+=sg | | ?????????????"" / **+[ ##### | | ?????????????"" / =%+ ### #??## # | | ?????????????"" # + #?## ##???# # | | ???????????? ??# # #??####???## #### | | ???????????? ????# ""# #???????### #??# | | ???????????????????# "# #??????## #??# " | | ?????????????????? ""# #?????# #?## | | ????????????????? "# #???? ### " | | ????????????????++#####?# #??? ## | | ???????????????????????? #??? " | | ???????????????????????? #?? #### | | ????????????????????????####??????# ## ### | | ??????????????????????????????????# #?###?## | | ??????????????????????????????????## ???????### | | ???????????????????????????????????##?????????# ## | | ??????????????????????????????????????????????# # | | ??????????????????????????????????????????????# # | | ??????????????????????????????????????????????# | | ??????????????????????????????????????????????## | | ???????????????????????????????????????????????### | | ?????????????????????????????????????????????????# | +----------------------------------------------------+ Best States ------------- Heat Dissipation 61 Coolant Potential 65 Energy Generation 24 Energy Capacity 860 Matter Stores 300 Matter Capacity 300 Sight Range 16 Robot Scan Range 14 Terrain Scan Density 10 ECM Strength 1 Armor Coverage 150 Resistance: KI 35 Resistance: TH 35 Resistance: EX 35 Resistance: EM 35 Resistance: I 35 Resistance: S 35 Resistance: P 35 Evasion (%) 56 Targeting Accuracy 5 Core Analysis 6 Offensive Hacking 30 Item Schematics ----------------- None Robot Schematics ------------------ None Fabricated ------------ Nothing Repaired ---------- Nothing Alien Tech Used ----------------- None Achievements -------------- Slippery One Challenges ------------ None Game ------ Seed ScanTimingCalibrator Manual? 0 Play Time 00:31:58 Cumulative 12.4 hours Start 2025.08.14 @ 07:43:07 End 2025.08.14 @ 08:13:56 Sessions 1 Manual Loads 0 Difficulty Explorer Special Mode None Game No. 17 Rogue 0 Adventurer 15 Explorer 2 Win Type - Total 0 Types 0/0/0/0/0/0/0/0/0/0 Lore% 14 Gallery% 18 Achievement% 19 Wizard Run 0 Options --------- Layout 1 ASCII 0 Keyboard 0 Movement Arrows Keybinds 0 Fullscreen 2 Font 24/Smallcaps Map View 50x35 Zoom Use 0% Tactical HUD 0 Map Filters NONE Filters NONE Steam 1 RUN: a70ce715-dfca-432b-9d9e-c4d59b70a0f2